 Dungeon Sprint DCSS version 0.31-a0-348-g810772c3d7 (webtiles) character file.

Game seed: 14968892826807733293

3186 Conn the Arsonist (level 9, -22/60 HPs)
             Began as an Octopode Fire Elementalist on July 23, 2023.
             Was a High Priest of Sif Muna.
             Annihilated by a deep elf knight
             ... wielding a +0 long sword
              (27 damage)
             ... in the Dungeon (Sprint III: "The Ten Rune Challenge").
             The game lasted 00:11:52 (1325 turns).

Conn the Arsonist (Octopode Fire Elementalist)      Turns: 1325, Time: 00:11:53

Health: -22/60     AC:  1    Str: 11    XL:     9   Next: 95%
Magic:  17/34      EV: 15    Int: 19    God:    Sif Muna [*****.]
Gold:   3556       SH:  0    Dex: 15    Spells: 9/33 levels left

rFire   . . .        n - +0 spear "Ruenyon" {elec, rElec rPois MP+9}
rCold   . . .        (no shield)
rNeg    . . .        (helmet restricted)
rPois   +            (no amulet)
rElec   +            (no ring)
rCorr   .            (no ring)
SInv    .            (no ring)
Will    .....        (no ring)
Stlth   ++++         (no ring)
HPRegen 0.30/turn    (no ring)
MPRegen 0.24/turn    (no ring)
                     (no ring)

%: no teleportation
@: no status effects
A: almost no armour, amphibious, 8 rings, camouflage 1, gelatinous body 1,
(nimble swimmer 1), tentacles, agile 1, robust 1, strong 1
a: Renounce Religion, Channel Magic, Forget Spell, Divine Exegesis


You were in the Dungeon.
You worshipped Sif Muna.
Sif Muna was extremely pleased with you.
You visited 1 branch You collected 4002 gold pieces.
You spent 446 gold pieces at shops.

Inventory:

Hand Weapons
 g - a +0 short sword
 m - a +2 long sword of holy wrath
 n - the +0 spear "Ruenyon" (weapon) {elec, rElec rPois MP+9}
   (You bought it in a shop in the Dungeon)

   rElec:     It insulates you from electricity.
   rPois:     It protects you from poison.
   MP:        It affects your magic capacity (+9).
Wands
 c - a wand of charming (12)
Scrolls
 j - 2 scrolls of torment
 k - 2 scrolls of identify
Potions
 a - a potion of magic
 d - a potion of haste
 e - a potion of berserk rage
 h - a potion of might
 i - 3 potions of mutation
 l - 3 potions of enlightenment


   Skills:
 + Level 2.4 Fighting
 + Level 1.4(1.5) Short Blades
 + Level 0.5(1.1) Long Blades
 + Level 6.0 Dodging
 - Level 6.7 Stealth
 + Level 0.2 Unarmed Combat
 * Level 12.5 Spellcasting
 * Level 7.5 Conjurations
 + Level 2.3 Hexes
 + Level 13.5 Fire Magic
 * Level 5.9 Invocations


You had 9 spell levels left.
You knew the following spells:

 Your Spells              Type           Power      Damage    Failure   Level
a - Foxfire               Conj/Fire      100%       2x1d9     1%          1
b - Scorch                Fire           100%       2d9       1%          2
c - Inner Flame           Hex/Fire       42%        N/A       1%          3
d - Flame Wave            Conj/Fire      51%        2d13      1%          4
e - Fulminant Prism       Conj/Hex       15%        3d10      8%          4
f - Fireball              Conj/Fire      25%        3d11      1%          5
g - Iskenderun's Battles  Conj           40%        2d9       7%          5

Your spell library contained the following spells:

 Spells                   Type           Power      Damage    Failure   Level
 Magic Dart               Conj           100%       1d8       1%          1
 Searing Ray              Conj           80%        2d7       1%          2
 Volatile Blastmotes      Fire/Tloc      74%        2d16      1%          3
 Ignite Poison            Fire/Tmut/Pois 29%        N/A       2%          3
 Fire Storm               Conj/Fire      25%        8d7       100%        9


Dungeon Overview and Level Annotations

Branches:
Dungeon (1/1)

Altars:
Cheibriados
Dithmenos
Elyvilon
Fedhas
Kikubaaqudgha
Makhleb
Okawaru
Qazlal
Ru
Sif Muna
Trog
Uskayaw
Vehumet
Wu Jian
Xom
Yredelemnul
Zin
The Shining One

Shops:
D (


Innate Abilities, Weirdness & Mutations

You cannot wear most types of armour.
You are amphibious.
You can wear up to eight rings at the same time.
Your skin changes colour to match your surroundings (Stealth+).
Your rubbery body absorbs attacks. (AC +1, EV +1)
((You are camouflaged when in or above water. (Stealth+)))
You have tentacles for arms and can constrict up to eight enemies at once.
You are agile. (Dex +4, Str/Int -1)
You are robust. (+10% HP)
Your muscles are strong. (Str +4, Int/Dex -1)


Message History

The fireball explodes!
The fireball engulfs the deep elf zephyrmancer!
Flame seeps out of the deep elf zephyrmancer.
The deep elf zephyrmancer is almost dead.
The deep elf zephyrmancer is engulfed in blazing flames.
Sif Muna accepts your kill.
The deep elf zephyrmancer explodes!
Okay, then.
Unknown command.
Unknown command.
Okay, then.
You feel better. Something barely misses you.
Casting: Fireball (dangerous; 1% risk of failure)
Confirm with . or Enter, or press ? or * to list all spells.
Okay, then.
Magic courses through your body. Something hits you!
* * * LOW HITPOINT WARNING * * *
Deactivating autopickup; reactivate with Ctrl-A.
Casting: Fireball (dangerous; 1% risk of failure)
Confirm with . or Enter, or press ? or * to list all spells.
Okay, then.
Unknown command.
Casting: Fireball (dangerous; 1% risk of failure)
Confirm with . or Enter, or press ? or * to list all spells.
Okay, then.
Okay, then.
Unknown command.
Casting: Fireball (dangerous; 1% risk of failure)
Confirm with . or Enter, or press ? or * to list all spells.
Casting: Flame Wave (dangerous; 1% risk of failure)
Press: ? - help, Dir - look around, f - activate A wave of flame ripples out!
The flame wave engulfs something!! (Press . to intensify the flame waves.)
Something barely misses you.
A wave of flame ripples out!
The flame wave engulfs something!
The flame wave engulfs the deep elf zephyrmancer!
You kill the deep elf zephyrmancer!
Sif Muna accepts your kill. Something hits you!!
You die...

▓▓▓▓▓▓▓▓▓
##########.##.##.#######
___#__#.#.##.....e.#...#
__.#._#).....§§.##§#...##≈
'###'##......§)#.#v#...≈≈≈
......#))....§.§##.#...##≈
....).#)#∩.#..#.@#.ee..#
#####'#)###..#.#########
#.[)#'########
#...#..).#.# _ #..†##.#..#
__#..['##)#.# __+...#)).#
.# ▓▓▓▓▓▓▓▓▓▓▓ ▓


There were no monsters in sight!

Vanquished Creatures
  2 deep elf knights (D)
  A deep elf pyromancer (D)
  2 deep elf zephyrmancers (D)
  A shadow (D)
  3 orc warriors (D)
  3 two-headed ogres (D)
  A necrophage (D)
  A water elemental (D)
  A jelly (D)
  2 orc priests (D)
  A wizard (D)
  A necromancer (D)
  3 humans (D)
  A kobold demonologist (D)
  A phantom (D)
  11 orcs (D)
  An endoplasm (D)
  3 rats (D)
39 creatures vanquished.

Vanquished Creatures (others)
  31 foxfires (D)
  A fulminant prism (D)
32 creatures vanquished.

Grand Total: 71 creatures vanquished

Notes
Turn   | Place    | Note
-------+----------+-------------------------------------------
     0 | D        | Conn the Octopode Fire Elementalist began the quest for the
                  | Orb.
     0 | D        | Reached XP level 1. HP: 11/11 MP: 3/3
   108 | D        | Reached skill level 4 in Fire Magic
   108 | D        | Reached XP level 2. HP: 17/17 MP: 0/5
   115 | D        | Reached skill level 5 in Fire Magic
   115 | D        | Reached XP level 3. HP: 15/21 MP: 0/7
   118 | D        | Learned a level 2 spell: Scorch
   122 | D        | Learned a level 3 spell: Inner Flame
   138 | D        | Gained mutation: You are agile. (Dex +4, Str/Int -1)
                  | [potion of mutation]
   138 | D        | Gained mutation: Your muscles are strong. (Str +4, Int/Dex
                  | -1) [potion of mutation]
   138 | D        | Gained mutation: You are robust. (+10% HP) [potion of
                  | mutation]
   189 | D        | Noticed a water elemental
   192 | D        | Killed a water elemental
   193 | D        | Reached skill level 6 in Fire Magic
   193 | D        | Reached XP level 4. HP: 29/29 MP: 1/9
   266 | D        | Found a hide-covered altar of Uskayaw.
   266 | D        | Found a bloodstained altar of Trog.
   266 | D        | Found an ornate altar of the Wu Jian Council.
   266 | D        | Noticed a human
   267 | D        | Noticed a human
   283 | D        | Killed a human
   283 | D        | Killed a human
   284 | D        | Reached skill level 10 in Fire Magic
   284 | D        | Reached XP level 5. HP: 2/35 MP: 8/14
   284 | D        | Reached XP level 6. HP: 3/40 MP: 8/15
   432 | D        | Learned a level 4 spell: Flame Wave
   446 | D        | Found a radiant altar of Vehumet.
   446 | D        | Found a shimmering blue altar of Sif Muna.
   446 | D        | Found an ancient bone altar of Kikubaaqudgha.
   449 | D        | Reached skill level 5 in Dodging
   453 | D        | Became a worshipper of Sif Muna the Loreminder
   465 | D        | Found an iron altar of Okawaru.
   473 | D        | Learned a level 4 spell: Fulminant Prism
   477 | D        | Found a basalt altar of Yredelemnul.
   477 | D        | Found a shadowy altar of Dithmenos.
   477 | D        | Found a sacrificial altar of Ru.
   482 | D        | Reached XP level 7. HP: 35/46 MP: 15/17
   529 | D        | Found a glowing silver altar of Zin.
   529 | D        | Found a glowing golden altar of the Shining One.
   529 | D        | Found a white marble altar of Elyvilon.
   530 | D        | Noticed a deep elf pyromancer
   535 | D        | Killed a deep elf pyromancer
   535 | D        | Reached * piety under Sif Muna
   536 | D        | Reached skill level 1 in Fighting
   536 | D        | Reached skill level 1 in Short Blades
   536 | D        | Reached skill level 5 in Conjurations
   536 | D        | Reached skill level 11 in Fire Magic
   536 | D        | Reached XP level 8. HP: 21/52 MP: 11/21
   659 | D        | Noticed a shadow
   662 | D        | Killed a shadow
   663 | D        | Reached skill level 1 in Invocations
   711 | D        | Reached ** piety under Sif Muna
   712 | D        | Reached skill level 12 in Fire Magic
   864 | D        | Reached skill level 10 in Spellcasting
   864 | D        | Reached skill level 1 in Hexes
   866 | D        | Reached *** piety under Sif Muna
   988 | D        | Found a blossoming altar of Fedhas.
   989 | D        | Found a stormy altar of Qazlal.
   992 | D        | Found a snail-covered altar of Cheibriados.
   992 | D        | Found a burning altar of Makhleb.
   992 | D        | Found a shimmering altar of Xom.
  1009 | D        | Reached **** piety under Sif Muna
  1122 | D        | Reached ***** piety under Sif Muna
  1125 | D        | Received a gift from Sif Muna
  1126 | D        | Reached XP level 9. HP: 38/59 MP: 8/23
  1126 | D        | Got Sif Muna's Tome of Energetic Transmogrification {god
                  | gift}
  1204 | D        | Learned a level 5 spell: Fireball
  1210 | D        | Learned a level 5 spell: Iskenderun's Battlesphere
  1233 | D        | Found Forphe Upiyh's Weapon Emporium.
  1237 | D        | Bought the +0 spear "Ruenyon" {elec, rElec rPois MP+9} for
                  | 446 gold pieces
  1277 | D        | Noticed a deep elf knight
  1277 | D        | Noticed a deep elf knight
  1277 | D        | Noticed a deep elf zephyrmancer
  1277 | D        | Noticed a deep elf zephyrmancer
  1277 | D        | Noticed a deep elf knight
  1305 | D        | Killed a deep elf knight
  1320 | D        | Killed a deep elf knight
  1321 | D        | Reached skill level 13 in Fire Magic
  1321 | D        | Reached skill level 5 in Invocations
  1321 | D        | Killed a deep elf zephyrmancer
  1325 | D        | Killed a deep elf zephyrmancer
  1325 | D        | Annihilated by a deep elf knight

Illustrated notes

Levels and vault maps discovered:
D:        dungeon_sprint_mu [sprint_mu_entry_forest, sprint_mu_temple_rooms,
          sprint_mu_d1_spiders, sprint_mu_d2_genie, sprint_mu_d3_branching,
          sprint_mu_orc_legion, sprint_mu_elf_gauntlet, sprint_mu_hive_nellie,
          sprint_mu_lair_fedhas, sprint_mu_vaults_butterflies,
          sprint_mu_slime_circle, sprint_mu_swamp_cave, sprint_mu_snake_twists,
          sprint_mu_blade_basic, sprint_mu_crypt_fortress,
          sprint_mu_tomb_spiral, sprint_mu_vestibule_basic,
          sprint_mu_gehenna_hellfire, sprint_mu_dis_giant,
          sprint_mu_tartarus_statrot, sprint_mu_cocytus_islands, sprint_mu_zot1]

Skill      XL: |  1  2  3  4  5  6  7  8  9 |
---------------+----------------------------+-----
Stealth        | 3 4 6 |  6.7
Fire Magic     | 4 5 6 10 11 12 13 | 13.5
Spellcasting   | 3 6 7 9 10 12 | 12.5
Dodging        | 3 4 5 6 |  6.0
Conjurations   | 3 5 6 7 |  7.5
Fighting       | 1 2 |  2.4
Short Blades   | 1 |  1.4
Invocations    | 3 5 |  5.9
Hexes          | 1 2 |  2.3
Long Blades    | |  0.5
Unarmed Combat | |  0.2

Action                     |  1- 3 |  4- 6 |  7- 9 || total
---------------------------+-------+-------+-------++-------
  Melee: Short sword       |     8 |     6 |     1 ||    15
         Constrict         |     1 |     1 |       ||     2
         Unarmed           |     1 |       |       ||     1
         Tentacles         |     3 |     2 |       ||     5
         Long sword        |       |       |     1 ||     1
   Cast: Foxfire           |     9 |     2 |     9 ||    20
         Scorch            |     3 |     3 |    28 ||    34
         Inner Flame       |       |     1 |    12 ||    13
         Flame Wave        |       |       |     4 ||     4
         Fireball          |       |       |     3 ||     3
         Fulminant Prism   |       |       |     1 ||     1
    Use: Scroll            |     2 |     1 |       ||     3
         Potion            |     1 |     2 |     3 ||     6
   Stab: Sleeping          |       |     4 |     1 ||     5
 Armour: Skin              |     1 |       |       ||     1
  Dodge: Dodged            |     5 |     2 |     7 ||    14

Table legend: (Time is in decaauts)
 A = Elapsed time spent in this place.
 B = Non-inter-level travel time spent in this place.
 C = Inter-level travel time spent in this place.
 D = Time resting spent in this place.
 E = Time spent auto-exploring this place.
 F = Levels seen in this place.
 G = Mean time per level.
                   A        B        C        D        E       F      G
               +--------+--------+--------+--------+--------+-----+--------+
         Total |   1323 |   1323 |      0 |    837 |      0 |   1 | 1323.0 |
       Dungeon |   1323 |   1323 |      0 |    837 |      0 |   1 | 1323.0 |
               +--------+--------+--------+--------+--------+-----+--------+

Top non-repeatable levels by time:
       D: 1323 daAuts
